 Dungeon Crawl Stone Soup version 0.16.1-16-gc44b35d (webtiles) character file.

1507 Zwobot the Ducker (level 8, -7/67 HPs)
             Began as a Demigod Assassin on Apr 16, 2015.
             Mangled by a troll (9 damage)
             ... on level 7 of the Dungeon.
             The game lasted 00:26:35 (6531 turns).

Zwobot the Ducker (Demigod Assassin)                Turns: 6531, Time: 00:26:35

Health: -7/67      AC:  5    Str: 14    XL:     8   Next: 28%
Magic:  13/13      EV: 17    Int: 15    God:
Gold:   372        SH:  0    Dex: 23    Spells: 0 memorised, 7 levels left

rFire  + . .     SeeInvis .     a - +2 dagger (elec)
rCold  . . .     Clarity  .     x - +0 leather armour {rF+}
rNeg   . . .     SustAb   +     (no shield)
rPois  .         Gourm    .     (no helmet)
rElec  .         Spirit   .     d - +0 cloak
rCorr  .         Warding  .     (no gloves)
rMut   .         Stasis   .     I - +0 pair of boots
MR     .....                    (no amulet)
Stlth  +++.......               (no ring)
                                L - +2 ring of dexterity

@: not resistant to hostile enchantments, fairly stealthy
A: sustain abilities
a: no special abilities


You were on level 7 of the Dungeon.
You were not hungry.

You visited 2 branches of the dungeon, and saw 9 of its levels.
You also visited: Sewer.

You collected 372 gold pieces.

Inventory:

Hand weapons
 a - a +2 dagger of electrocution (weapon)
 b - a +0 blowgun
 i - a +2 dagger
 D - a +2 short sword of draining
 M - a +3 spear
Missiles
 e - 5 poisoned needles
 f - 2 curare-tipped needles
Armour
 c - a +0 robe
 d - a +0 cloak (worn)
 n - a cursed +0 leather armour
 x - a +0 leather armour of fire resistance (worn)
 I - a +0 pair of boots (worn)
Jewellery
 L - a +2 ring of dexterity (left hand)
Magical devices
 v - a wand of teleportation (3)
 w - a wand of enslavement (13)
Scrolls
 h - 7 scrolls of remove curse
 k - a scroll of noise
 l - 2 scrolls of fear
 r - 4 scrolls of enchant armour {unknown}
 s - a scroll of recharging {unknown}
 t - 5 scrolls of teleportation {unknown}
 u - a scroll of amnesia {unknown}
 A - a scroll of fog {unknown}
 B - 3 scrolls of blinking {unknown}
 G - 2 scrolls of immolation {unknown}
 K - a scroll of random uselessness {unknown}
 O - 2 scrolls of magic mapping {unknown}
Potions
 j - a potion of curing
 m - a potion of ambrosia
 o - a potion of haste
 p - 2 potions of brilliance
 z - 2 potions of lignification
 C - a potion of heal wounds {unknown}
 E - 2 potions of magic {unknown}
 H - 4 potions of flight
 N - a potion of poison {unknown}
 Q - a potion of cure mutation {unknown}
Books
 y - a book of the Dragon

   Spells                             Type                      Level
   a - Flight                         Charms/Air                   3
   b - Cause Fear                     Hexes                        4
   c - Bolt of Fire                   Conjuration/Fire             6
   d - Dragon Form                    Transmutation                7
   e - Dragon's Call                  Summoning                    9
 F - a book of Fire

   Spells                             Type                      Level
   a - Ignite Poison                  Fire/Transmutation           5
   b - Fireball                       Conjuration/Fire             5
   c - Bolt of Fire                   Conjuration/Fire             6
   d - Delayed Fireball               Conjuration/Fire             7
   e - Ring of Flames                 Charms/Fire                  7
Comestibles
 g - 7 bread rations
 q - 3 meat rations
 J - a slice of pizza
 P - 2 royal jellies


   Skills:
 + Level 4.7 Fighting
 + Level 5.9 Short Blades
 - Level 1.7 Throwing
 * Level 6.2 Dodging
 - Level 4.0 Stealth


You had 7 spell levels left.
You didn't know any spells.

Dungeon Overview and Level Annotations

Branches:
Dungeon (8/15)             Temple (1/1) D:6
   Lair: D:8-11

Annotations:
D:6 Ijyb


Innate Abilities, Weirdness & Mutations

Your attributes are resistant to harm.


Message History

You hit the troll but do no damage.
The troll is severely wounded.
The troll bites you. The troll barely misses you. The troll claws you!
* * * LOW HITPOINT WARNING * * *
Drink which item? (? for menu, Esc to quit)
You feel better. The troll misses you. The troll closely misses you.
The troll claws you.
* * * LOW HITPOINT WARNING * * *
Drink which item? (? for menu, Esc to quit)
You feel better. The troll bites you. The troll misses you.
The troll claws you!
* * * LOW HITPOINT WARNING * * *
You hit the troll but do no damage.
The troll is heavily wounded.
The troll misses you. The troll claws you but does no damage.
The troll misses you. The troll bites you!
* * * LOW HITPOINT WARNING * * *
The troll claws you!
You die...

........>.#..## #.#
#.........##..# ####.#
..........###.######....#
.....................####
..........#..###..####
..........##..###..####
#.........###.###.....#
#.........# #...#T....#
....#..#### ###.@.....##
##.†....# ###......#
#.#....# ######.######
#..#..#### #≈§≈≈#.#≈§≈≈#
##.##....## #§≈§§#.#≈≈≈≈#
#..#.....## #≈≈§§#.#≈≈§§#
##........# #§≈§##.##§≈≈#
#........# #≈≈§#...#≈≈≈#
##.......# #≈≈§#...#≈§≈#


You could see a troll.

Vanquished Creatures
  A spriggan (D:7)
  Edmund (D:4)
  2 black bears
  A phantom (D:5)
  2 giant frogs (D:6)
  A giant frog zombie (D:5)
  A hound (D:6)
  A centaur skeleton (D:6)
  4 crimson imps
  A goliath beetle (D:7)
  4 orc priests
  A jelly (D:6)
  5 worker ants
  Jessica (D:3)
  A hound zombie (D:7)
  6 adders
  A shadow imp (D:7)
  8 giant mites
  3 worms (Sewer)
  4 giant geckos
  5 oozes (Sewer)
  12 orcs
  6 giant cockroaches
  11 goblins
  13 hobgoblins
  11 jackals
  7 kobolds
  A quokka (D:2)
  4 ball pythons
  18 bats
  A giant cockroach zombie (D:6)
  A giant gecko skeleton (D:5)
  4 giant newts
  A jackal skeleton (D:7)
  15 rats
  A fungus (D:3)
160 creatures vanquished.

Vanquished Creatures (collateral kills)
  2 orcs (D:6)
2 creatures vanquished.

Grand Total: 162 creatures vanquished

Notes
Turn   | Place    | Note
--------------------------------------------------------------
     0 | D:1      | Zwobot, the Demigod Assassin, began the quest for the Orb.
     0 | D:1      | Reached XP level 1. HP: 17/17 MP: 2/2
    43 | D:1      | Reached skill level 1 in Dodging
   446 | D:1      | Reached XP level 2. HP: 19/24 MP: 3/3
   938 | D:2      | Reached XP level 3. HP: 29/29 MP: 5/5
  1406 | D:3      | Found a white marble altar of Elyvilon.
  1407 | D:3      | Found a basalt altar of Yredelemnul.
  1536 | D:3      | Reached skill level 4 in Stealth
  1540 | D:3      | Noticed Jessica
  1579 | D:3      | Killed Jessica
  1579 | D:3      | Reached XP level 4. HP: 36/36 MP: 7/7
  1622 | D:3      | Found a blossoming altar of Fedhas.
  1622 | D:3      | Found a stormy altar of Qazlal.
  2824 | D:4      | Noticed Edmund
  2829 | D:4      | Killed Edmund
  2829 | D:4      | Reached XP level 5. HP: 42/44 MP: 8/8
  2889 | D:5      | Entered Level 5 of the Dungeon
  3143 | D:5      | Reached XP level 6. HP: 35/51 MP: 10/10
  3231 | D:5      | Found a glowing drain.
  3235 | Sewer    | Entered a sewer
  4546 | D:5      | Noticed a phantom
  4558 | D:5      | Killed a phantom
  4558 | D:5      | Reached XP level 7. HP: 44/57 MP: 12/12
  5005 | D:5      | Noticed a black bear
  5016 | D:5      | Killed a black bear
  5016 | D:5      | Reached skill level 5 in Short Blades
  5567 | D:6      | Reached skill level 5 in Dodging
  5582 | D:6      | Found a shattered altar of Ashenzari.
  5582 | D:6      | Noticed Ijyb
  5583 | D:6      | Found a sparkling altar of Nemelex Xobeh.
  5840 | D:6      | Found a staircase to the Ecumenical Temple.
  5855 | Temple   | Entered the Ecumenical Temple
  5893 | D:6      | Reached XP level 8. HP: 65/67 MP: 13/13
  5934 | D:6      | Found a glowing silver altar of Zin.
  6265 | D:7      | You fall through a shaft!
  6424 | D:7      | Reached skill level 6 in Dodging
  6505 | D:7      | Found a staircase to the Ecumenical Temple.
  6517 | D:7      | Noticed a troll
  6531 | D:7      | HP: 2/67 [troll (13)]
  6531 | D:7      | Mangled by a troll

Action                   |  1- 3 |  4- 6 |  7- 9 || total
-------------------------+-------+-------+-------++-------
Melee: Dagger            |    87 |   221 |   155 ||   463
       Short sword       |       |       |     4 ||     4
 Fire: Blowgun           |     3 |    12 |       ||    15
Evoke: Wand              |       |     1 |     1 ||     2
  Use: Scroll            |     6 |     2 |     2 ||    10
       Potion            |       |     1 |     2 ||     3
 Stab: Sleeping          |     5 |    10 |     5 ||    20
  Eat: Chunk             |     2 |     9 |     5 ||    16
       Fruit             |       |       |     2 ||     2
